 Seeded DCSS version 0.29.1-15-g9cfb28693d (webtiles) character file.

Game seed: 15238670351389944683 (custom seed)

27904 kingofthe the Unseen (level 13, -10/55 HPs)
             Began as a Spriggan Enchanter on Mar 23, 2023.
             Was a High Priest of Dithmenos.
             Mangled by a komodo dragon (23 damage)
             ... on level 1 of the Lair of Beasts on Apr 1, 2023.
             The game lasted 01:18:22 (16891 turns).

kingofthe the Unseen (Spriggan Enchanter)          Turns: 16891, Time: 01:18:23

Health: -10/55     AC: 12    Str:  6    XL:     13   Next: 6%
Magic:  38/40      EV: 25    Int: 17    God:    Dithmenos [*****.]
Gold:   279        SH:  0    Dex: 18    Spells: 28/38 levels left

rFire   . . .      SeeInvis +   a - +3 dagger (speed)
rCold   . . .      Faith    .   l - orb {guile}
rNeg    . . .      Spirit   .   V - +2 troll leather armour
rPois   .          Reflect  .   r - +2 hat
rElec   .          Harm     .   J - scarf {shadows}
rCorr   .          Rampage  .   (gloves unavailable)
Will    .....                   (boots unavailable)
Stlth   ++++++++++              h - amulet of regeneration
HPRegen 1.78/turn               T - +4 ring of protection
MPRegen 0.27/turn               M - ring of magical power

@: wreathed by umbra, very quick
A: very small, no large weapons, unfitting armour, see invisible, speed 3
a: Renounce Religion, Shadow Step, Shadow Form


You were on level 1 of the Lair of Beasts.
You worshipped Dithmenos.
Dithmenos was extremely pleased with you.
You visited 3 branches of the dungeon, and saw 16 of its levels.
You visited 1 bazaar.
You also visited: Bailey.

You collected 1577 gold pieces.
You spent 1298 gold pieces at shops.


Innate Abilities, Weirdness & Mutations

You are very small and have problems with some larger weapons.
You are too small for most types of armour.
You have supernaturally acute eyesight. (SInv)
You cover ground extremely quickly. (Speed+++)


   Skills:
 + Level 7.8 Short Blades
 + Level 12.7 Dodging
 + Level 15.6 Stealth
 * Level 13.3 Spellcasting
 * Level 13.5 Hexes
 + Level 7.2 Translocations


You had 28 spell levels left.
You knew the following spells:

 Your Spells              Type           Power      Damage    Failure   Level
a - Ensorcelled Hibernat  Hex/Ice        68%        N/A       1%          2
b - Confusing Touch       Hex            55%        N/A       1%          3
c - Tukima's Dance        Hex            55%        N/A       1%          3
d - Blink                 Tloc           72%        N/A       1%          2

Your spell library contained the following spells:

 Spells                   Type           Power      Damage    Failure   Level
 Dazzling Flash           Conj/Hex       68%        N/A       1%          3
 Portal Projectile        Hex/Tloc       92%        N/A       1%          3
 Anguish                  Hex/Necr       17%        N/A       6%          4
 Freeze                   Ice            44%        1d6       10%         1
 Manifold Assault         Tloc           36%        N/A       13%         5
 Sublimation of Blood     Necr           11%        N/A       14%         2
 Wereblood                Tmut           11%        N/A       14%         2
 Frozen Ramparts          Ice            22%        1d4       28%         3
 Spider Form              Tmut/Pois      11%        N/A       28%         3
 Hailstorm                Conj/Ice       11%        3d5       67%         4
 Blade Hands              Tmut           5%         N/A       95%         5
 Storm Form               Tmut/Air       5%         N/A       100%        7
 Summon Hydra             Summ           5%         N/A       100%        7

Inventory:

Hand Weapons
 a - a +3 dagger of speed (weapon)
 b - a +2 dagger of freezing
 c - a +4 short sword of venom
 N - the +6 whip of Dutzelul {freeze, Int+5}
   (You found it on level 11 of the Dungeon)

   It freezes those it strikes, dealing additional cold damage.
   It can also slow down cold-blooded creatures.
   Int:       It affects your intelligence (+5).
Missiles
 k - 17 poisoned darts (quivered)
Armour
 f - a +0 robe of willpower
 l - an orb of guile (worn)
 m - the +2 ratskin cloak {*Rats rPois rN+ Str-1 Int-1 Dex+1}
   (You found it on level 2 of the Dungeon)

   When the wearer is hurt, rats may emerge from it to assist them.
   Str:       It affects your strength (-1).
   Int:       It affects your intelligence (-1).
   Dex:       It affects your dexterity (+1).
   rPois:     It protects you from poison.
   rN:        It protects you from negative energy.
 r - a +2 hat (worn)
 y - a +2 robe of cold resistance
 D - an orb of light
 J - a scarf of shadows (worn)
 V - a +2 troll leather armour (worn)
 Z - +0 steam dragon scales
Magical Staves
 U - a staff of conjuration {!a}
Jewellery
 h - an amulet of regeneration (around neck)
 p - the ring "Xiang" {rPois rF+ rN+ Will+}
   (You bought it in a shop in a bazaar)

   [ring of willpower]

   rF:        It protects you from fire.
   rPois:     It protects you from poison.
   rN:        It protects you from negative energy.
   Will:      It increases your willpower.
 C - a ring of ice
 L - a ring of flight
 M - a ring of magical power (right hand)
 P - a ring of poison resistance
 R - a ring of resist corrosion
 T - a +4 ring of protection (left hand)
 W - a ring of willpower
Wands
 s - a wand of flame (10)
 w - a wand of acid (6)
 B - a wand of roots (26)
 S - a wand of charming (19)
Scrolls
 d - 8 scrolls of teleportation {@r2}
 g - a scroll of amnesia
 n - 2 scrolls of identify {@r1}
 t - a scroll of summoning {unknown}
 v - a scroll of brand weapon {unknown}
 E - 3 scrolls of magic mapping
 H - a scroll of fear
 K - a scroll of vulnerability {unknown}
 Q - a scroll of blinking
 Y - a scroll of fog
Potions
 i - 5 potions of curing {@q1}
 j - 5 potions of might
 o - 2 potions of haste {@q3}
 q - a potion of experience
 u - a potion of magic
 x - 4 potions of flight
 z - 2 potions of brilliance
 A - a potion of resistance
 F - 3 potions of mutation
 G - 2 potions of lignification
 I - 5 potions of invisibility
 O - 2 potions of ambrosia
 X - a potion of heal wounds {unknown}
Miscellaneous
 e - a phial of floods

Dungeon Overview and Level Annotations

Branches:
Dungeon (14/15)            Temple (1/1) D:6            Lair (1/5) D:9
    Orc (0/2) D:11         Vaults (0/5) D:14         Bailey (visited)

Altars:
Ashenzari
Cheibriados
Dithmenos
Elyvilon
Fedhas
Gozag
Hepliaklqana
Kikubaaqudgha
Makhleb
Nemelex Xobeh
Okawaru
Qazlal
Ru
Sif Muna
Trog
Uskayaw
Vehumet
Wu Jian
Xom
Yredelemnul
Zin
The Shining One

Shops:
D:1 [   D:6 [

Annotations:
Lair:1 2 transporters

###. ## ##. . ######
#..# #. ###..... #...#
#.###....... ....$####
#.#.....▒▒▒▒
....§§#§####..#..▒▒▒.©.
...$§l§§§.......▒▒...i.
.....§@§§###.#..▒i...##
.....#§§####...▒▒....#
#....##§###....▒.....$
##.##.....#...©▒i.#. #
#......##...▒i.#
.............▒▒)#
####.....#.##..▒#..
#.....#.....▒ ..
###.#######..▒


You could see a komodo dragon (confused).


Message History

Your hands begin to glow red.
The komodo dragon bites you!!
You hit the komodo dragon but do no damage.
The komodo dragon appears confused.
Your shadow hits the komodo dragon with a dagger.
You hit the komodo dragon but do no damage.
The komodo dragon is lightly wounded.
You hit the komodo dragon but do no damage.
The komodo dragon is lightly wounded.
You hit the komodo dragon but do no damage.
The komodo dragon is lightly wounded.
Your shadow hits the komodo dragon but does no damage.
The komodo dragon misses you.
You catch the helpless komodo dragon completely off-guard!
You impale the komodo dragon!!
The komodo dragon is almost dead.
You barely miss the komodo dragon.
The komodo dragon is almost dead.
Your shadow hits the komodo dragon but does no damage.
The komodo dragon bites you!!
Ouch! That really hurt!
* * * LOW HITPOINT WARNING * * *
You emit a cloud of dark smoke.
You barely miss the komodo dragon.
The komodo dragon is almost dead.
You hit the komodo dragon but do no damage.
The komodo dragon is almost dead.
You hit the komodo dragon but do no damage.
The komodo dragon is almost dead.
The komodo dragon bites you!!
You die...

Skill      XL: |  1  2  3  4  5  6  7  8  9 10 11 12 |
---------------+-------------------------------------+-----
Dodging        | 3 4 5 6 7 9 10 11 12 | 12.7
Stealth        | 5 6 7 8 9 10 12 13 14 15 | 15.6
Spellcasting   | 3 4 5 6 7 8 10 11 13 | 13.3
Hexes          | 4 5 6 7 9 10 11 13 | 13.5
Short Blades   | 2 4 6 7 |  7.8
Translocations | 4 7 |  7.2

Action                   |  1- 3 |  4- 6 |  7- 9 | 10-12 | 13-15 || total
-------------------------+-------+-------+-------+-------+-------++-------
Melee: Dagger            |   102 |    71 |   251 |   464 |    13 ||   901
       Punch             |     1 |       |       |       |       ||     1
       Short sword       |       |       |    10 |       |       ||    10
Throw: Dart              |       |     3 |    12 |    13 |       ||    28
 Cast: Ensorcelled Hiber |     5 |    29 |   104 |   165 |     1 ||   304
       Confusing Touch   |       |       |     7 |    39 |     1 ||    47
       Blink             |       |       |       |     1 |       ||     1
Evoke: Wand              |       |       |       |    12 |       ||    12
  Use: Scroll            |       |       |     2 |    23 |       ||    25
 Stab: Sleeping          |    13 |    30 |    86 |   137 |     3 ||   269
       Distracted        |       |     1 |     1 |     7 |       ||     9
       Invisible         |       |     1 |     1 |       |       ||     2
       Confused          |       |       |     6 |    35 |     1 ||    42
Armor: Robe              |     9 |     7 |    25 |    37 |       ||    78
       Troll leather arm |       |       |       |     2 |       ||     2
Dodge: Dodged            |    45 |    45 |   233 |   342 |     2 ||   667

Levels and vault maps discovered:
D:1:      mrwooster_arrival_statue_2, layout_loops_ring,
          shapermc_ecumenical_altar_gd, serial_shops, nicolae_shop_trees
D:2:      layout_basic, uniq_robin, uniq_sigmund
D:3:      layout_loops_ring, tgw_sif, uniq_terence, uniq_natasha
D:4:      layout_basic, kennysheep_windowed_goal
D:5:      minmay_spotlight, layout_loops_ring, minmay_overflow_temple_star_quad,
          grunt_qazlal_clouds, mainiacjoe_overflow_chevrons,
          lightli_temple_of_fire, hangedman_abyss_or_decor_passed,
          minmay_misc_feat_diagonals, uniq_pikel, uniq_eustachio
D:6:      layout_gridville, minmay_temple_entry_proselytizer, serial_shops,
          shop, nicolae_grassy_gnolls, uniq_grinder, uniq_duvessa
D:7:      layout_layer_cave, old_standard_altar, zin_purify,
          yredelemnul_forgotten_temple_becter, enter_bailey_5
D:8:      layout_basic, mainiacjoe_overflow_alcove_1, lemuel_crystal_altar
D:9:      layout_small_grid, dpeg_lair_monsters
D:10:     layout_roguey, uniq_nergalle
D:11:     layout_irregular_city, hiddenorc1_lemuel, serial_rivers,
          chequers_serial_rivers_micro_e, chequers_serial_rivers_small_b,
          chequers_serial_rivers_small_b, chequers_serial_rivers_micro_b,
          chequers_serial_rivers_small_b, corexii_leaking_fountain
D:12:     layout_roguey, serial_shops, bzr_entry_safe, serial_ice, serial_ice_n,
          serial_ice_m, serial_ice_a, serial_ice_f, serial_ice_j, serial_ice_h
D:13:     layout_roguey, skrybe_limestone_x, grunt_decor_one_mirror
D:14:     layout_roguey [special_room_bee], david_vaults_1,
          minmay_parallelograms, nicolae_ru_great_annihilating_truth,
          uniq_nessos
Temple:   eino_temple_lava
Lair:1:   layout_loops_ring, gammafunk_ghost_wrathful_warriors

Notes
Turn   | Place    | Note
-------+----------+-------------------------------------------
     0 | D:1      | kingofthe the Spriggan Enchanter began the quest for the
                  | Orb.
     0 | D:1      | Reached XP level 1. HP: 9/9 MP: 5/5
    99 | D:1      | Found a faded altar of an unknown god.
   267 | D:1      | Reached XP level 2. HP: 11/13 MP: 6/6
   270 | D:1      | Learned a level 2 spell: Ensorcelled Hibernation
   462 | D:1      | Reached skill level 3 in Dodging
   513 | D:1      | Reached skill level 5 in Stealth
   514 | D:1      | Reached skill level 3 in Spellcasting
   516 | D:1      | HP: 1/13 [dart slug/slug dart (5)]
   908 | D:1      | Found Haimail's Armour Shop.
  1211 | D:2      | Noticed Sigmund
  1361 | D:2      | Reached skill level 4 in Hexes
  1635 | D:2      | Reached XP level 3. HP: 16/16 MP: 8/8
  1850 | D:2      | Found the +2 ratskin cloak {*Rats rPois rN+ Str-1 Int-1
                  | Dex+1}
  1882 | D:2      | Noticed Robin
  1972 | D:2      | Learned a level 3 spell: Confusing Touch
  1976 | D:2      | Learned a level 3 spell: Tukima's Dance
  2162 | D:2      | Killed Sigmund
  2163 | D:2      | Reached skill level 4 in Dodging
  2163 | D:2      | Reached skill level 6 in Stealth
  2163 | D:2      | Reached skill level 4 in Spellcasting
  2163 | D:2      | Reached XP level 4. HP: 19/21 MP: 2/11
  2163 | D:2      | Reached XP level 5. HP: 22/24 MP: 2/12
  2277 | D:2      | Killed Robin
  2278 | D:2      | Reached skill level 7 in Stealth
  2632 | D:3      | Noticed Natasha
  2656 | D:3      | Killed Natasha
  2763 | D:3      | Noticed Natasha
  2875 | D:3      | Killed Natasha
  2876 | D:3      | Reached XP level 6. HP: 28/28 MP: 10/13
  3132 | D:3      | Reached skill level 5 in Hexes
  3214 | D:3      | Noticed Jessica
  3217 | D:3      | Noticed Terence
  3230 | D:3      | Killed Terence
  3254 | D:3      | Found a shimmering blue altar of Sif Muna.
  3267 | D:3      | Killed Jessica
  3510 | D:4      | Reached skill level 5 in Dodging
  3568 | D:4      | Reached skill level 8 in Stealth
  3568 | D:4      | Reached skill level 5 in Spellcasting
  3568 | D:4      | Reached XP level 7. HP: 32/32 MP: 12/15
  4181 | D:4      | Reached skill level 6 in Hexes
  4317 | D:4      | Reached skill level 6 in Dodging
  4696 | D:5      | Entered Level 5 of the Dungeon
  4698 | D:5      | Found a stormy altar of Qazlal.
  4740 | D:5      | Reached skill level 9 in Stealth
  4874 | D:5      | Reached skill level 6 in Spellcasting
  4874 | D:5      | Reached XP level 8. HP: 36/36 MP: 12/18
  5093 | D:5      | Noticed Eustachio
  5129 | D:5      | Killed Eustachio
  5133 | D:5      | Reached skill level 7 in Hexes
  5198 | D:5      | Found a blossoming altar of Fedhas.
  5259 | D:5      | Reached skill level 7 in Dodging
  5371 | D:5      | Noticed Pikel
  5384 | D:5      | Killed Pikel
  5385 | D:5      | Reached skill level 10 in Stealth
  5385 | D:5      | Reached skill level 7 in Spellcasting
  5562 | D:5      | Reached XP level 9. HP: 39/39 MP: 17/21
  5604 | D:5      | Found a shimmering altar of Xom.
  5609 | D:5      | Found a broken altar of Ashenzari.
  5614 | D:5      | Found a hazy altar of Hepliaklqana.
  5681 | D:5      | Found a bloodstained altar of Trog.
  5797 | D:6      | Noticed Grinder
  5802 | D:6      | Killed Grinder
  5803 | D:6      | Reached skill level 8 in Dodging
  5803 | D:6      | Reached skill level 8 in Hexes
  5838 | D:6      | Noticed Duvessa
  5838 | D:6      | Noticed Dowan
  5842 | D:6      | Killed Duvessa
  5843 | D:6      | Reached skill level 11 in Stealth
  5862 | D:6      | Killed Dowan
  6044 | D:6      | Found Soom's Antique Armour Shop.
  6122 | D:6      | Reached skill level 8 in Spellcasting
  6229 | D:6      | Found a staircase to the Ecumenical Temple.
  6244 | Temple   | Entered the Ecumenical Temple
  6299 | Temple   | Became a worshipper of Dithmenos the Shadowed
  6451 | D:6      | Reached skill level 9 in Dodging
  7046 | D:7      | Found a hide-covered altar of Uskayaw.
  7128 | D:7      | Reached * piety under Dithmenos
  7186 | D:7      | Found a flagged portal.
  7211 | D:7      | Reached skill level 2 in Short Blades
  7211 | D:7      | Reached skill level 12 in Stealth
  7211 | D:7      | Reached skill level 9 in Hexes
  7442 | Bailey   | Entered a bailey
  7859 | Bailey   | Reached ** piety under Dithmenos
  7862 | Bailey   | Reached XP level 10. HP: 44/44 MP: 15/23
  7883 | Bailey   | Reached skill level 3 in Short Blades
  7883 | Bailey   | Reached skill level 9 in Spellcasting
  8236 | D:7      | Found Zin's Purification Station.
  8241 | D:7      | Found a glowing silver altar of Zin.
  8244 | D:7      | Bought a potion of curing for 90 gold pieces
  8466 | D:7      | Found a basalt altar of Yredelemnul.
  9131 | D:8      | Found an opulent altar of Gozag.
  9707 | D:8      | Found a glowing golden altar of the Shining One.
 10244 | D:9      | Reached skill level 10 in Dodging
 10720 | D:9      | Reached *** piety under Dithmenos
 10721 | D:9      | Reached skill level 4 in Short Blades
 10756 | D:9      | Noticed a death yak
 10756 | D:9      | Noticed a death yak
 10846 | D:9      | Reached skill level 13 in Stealth
 11041 | D:9      | Noticed a death yak
 11155 | D:9      | Noticed a death yak
 11155 | D:9      | Noticed a death yak
 11228 | D:9      | Killed a death yak
 11229 | D:9      | Reached skill level 10 in Hexes
 11426 | D:10     | Entered Level 10 of the Dungeon
 11542 | D:10     | Reached skill level 10 in Spellcasting
 11841 | D:10     | Noticed Nergalle
 11991 | D:10     | Reached XP level 11. HP: 47/47 MP: 26/26
 12364 | D:11     | Reached skill level 5 in Short Blades
 12639 | D:11     | Noticed a two-headed ogre
 12646 | D:11     | Killed a two-headed ogre
 12647 | D:11     | Reached skill level 11 in Hexes
 12671 | D:11     | Noticed a two-headed ogre
 12677 | D:11     | Killed a two-headed ogre
 12678 | D:11     | Reached skill level 11 in Dodging
 12771 | D:11     | Reached skill level 11 in Spellcasting
 12792 | D:11     | Reached **** piety under Dithmenos
 12992 | D:11     | Reached skill level 14 in Stealth
 13211 | D:11     | Identified the +6 whip of Dutzelul {freeze, Int+5}
 13351 | D:11     | Found a staircase to the Orcish Mines.
 13667 | D:12     | Reached skill level 6 in Short Blades
 13697 | D:12     | Found a flickering gateway to a bazaar.
 13711 | Bazaar   | Entered a bazaar
 13711 | Bazaar   | Found Emar's Weapon Shop.
 13711 | Bazaar   | Found Foodgh's Book Boutique.
 13711 | Bazaar   | Found Zuor's Jewellery Boutique.
 13711 | Bazaar   | Found Down's Antique Armour Boutique.
 13711 | Bazaar   | Found Bocuqelim's Weapon Boutique.
 13711 | Bazaar   | Found Ehyur's Antique Weapon Shop.
 13764 | Bazaar   | Bought an Inescapable Atlas for 374 gold pieces
 13767 | Bazaar   | Learned a level 2 spell: Blink
 13813 | Bazaar   | Bought a +4 ring of protection for 360 gold pieces
 13813 | Bazaar   | Bought the ring "Xiang" {rPois rF+ rN+ Will+} for 474 gold
                  | pieces
 14032 | D:12     | Reached skill level 1 in Translocations
 14226 | D:12     | Reached skill level 2 in Translocations
 14327 | D:12     | Reached skill level 3 in Translocations
 14395 | D:12     | Noticed a brown ugly thing
 14401 | D:12     | Killed a brown ugly thing
 14453 | D:12     | Reached skill level 4 in Translocations
 14681 | D:12     | Reached XP level 12. HP: 41/51 MP: 28/28
 14867 | D:12     | Reached skill level 12 in Hexes
 14916 | D:13     | Reached skill level 12 in Spellcasting
 14916 | D:13     | Reached skill level 5 in Translocations
 15122 | D:13     | Reached ***** piety under Dithmenos
 15123 | D:13     | Reached skill level 12 in Dodging
 15393 | D:13     | Noticed a boulder beetle
 15415 | D:13     | Killed a boulder beetle
 15446 | D:13     | Noticed a centaur warrior
 15458 | D:13     | Killed a centaur warrior
 15478 | D:13     | Reached skill level 7 in Short Blades
 15632 | D:13     | Reached skill level 15 in Stealth
 15820 | D:14     | Noticed a centaur warrior
 15823 | D:14     | Killed a centaur warrior
 15939 | D:14     | Reached skill level 6 in Translocations
 16148 | D:13     | Identified a potion of resistance
 16149 | D:13     | Identified a potion of experience
 16200 | D:14     | Noticed a death knight
 16244 | D:14     | Noticed a two-headed ogre
 16277 | D:14     | Killed a two-headed ogre
 16278 | D:14     | Reached skill level 13 in Hexes
 16291 | D:14     | Found a gate to the Vaults.
 16461 | D:10     | Killed Nergalle
 16462 | D:10     | Reached skill level 13 in Spellcasting
 16520 | D:9      | Found a staircase to the Lair.
 16520 | D:9      | Noticed a death yak
 16520 | D:9      | Noticed a death yak
 16522 | D:9      | Killed a death yak
 16545 | D:9      | Killed a death yak
 16555 | D:9      | Killed a death yak
 16556 | D:9      | Reached skill level 7 in Translocations
 16608 | D:9      | Killed a death yak
 16615 | D:9      | Killed a death yak
 16616 | D:9      | Reached XP level 13. HP: 55/55 MP: 31/31
 16692 | Lair:1   | Entered Level 1 of the Lair of Beasts
 16777 | Lair:1   | Found a transporter.
 16840 | Lair:1   | Found a transporter.
 16891 | Lair:1   | Mangled by a komodo dragon

Vanquished Creatures
  A boulder beetle (D:13)
  2 centaur warriors
  7 death yaks (D:9)
  3 two-headed ogres
  Nergalle (D:10)
  4 skeletal warriors
  Pikel (D:5)
  3 deep elf pyromancers
  A cyclops (D:12)
  An ugly thing (D:12)
  2 manticores (D:12)
  2 kobold demonologists
  A freezing wraith (D:14)
  2 meliai (D:14)
  2 polar bears (D:12)
  6 trolls
  Grinder (D:6)
  A hornet (D:7)
  5 slime creatures (D:13)
  3 wraiths
  5 yaks (D:11)
  4 centaur simulacra (D:12)
  Sigmund (D:2)
  3 vampires
  2 water elementals (D:12)
  2 basilisks
  2 wyverns
  Eustachio (D:5)
  A steam dragon (D:9)
  3 vampire mosquitoes (D:10)
  3 acid dragons
  Duvessa (D:6)
  2 water moccasins
  9 orc warriors
  5 ice beasts
  A sky beast (D:7)
  3 black bears (D:6)
  3 ogres
  A wolf (D:12)
  7 centaurs
  3 lemures (D:5)
  A phantom (D:4)
  2 kobold brigands
  4 bullfrogs
  2 necrophages
  2 gnoll sergeants
  4 scorpions
  7 wights
  Dowan (D:6)
  6 killer bees
  6 howler monkeys
  2 electric eels (D:12)
  A gnoll bouda (D:6)
  3 hounds
  2 jellies
  6 orc priests
  Jessica (D:3)
  Natasha (twice) (D:3)
  Terence (D:3)
  3 iguanas
  13 orc wizards
  Robin (D:2)
  5 adders
  15 gnolls
  7 white imps
  4 ufetubi
  5 worms
  4 dart slugs
  56 orcs
  8 endoplasms
  3 giant cockroaches (D:1)
  14 goblins
  17 hobgoblins
  3 jackals (D:3)
  4 quokkas
  7 ball pythons
  4 bats
  7 frilled lizards
  27 kobolds
  3 rats
  A spectral orc (D:7)
375 creatures vanquished.

Vanquished Creatures (collateral kills)
  A shadow imp (D:8)
  A white imp (D:6)
  An orc (D:7)
3 creatures vanquished.

Vanquished Creatures (others)
  An ufetubus (D:12)
  5 fungi
  12 plants
18 creatures vanquished.

Grand Total: 396 creatures vanquished

Table legend: (Time is in decaauts)
 A = Elapsed time spent in this place.
 B = Non-inter-level travel time spent in this place.
 C = Inter-level travel time spent in this place.
 D = Time resting spent in this place.
 E = Time spent auto-exploring this place.
 F = Levels seen in this place.
 G = Mean time per level.
                   A        B        C        D        E       F      G
               +--------+--------+--------+--------+--------+-----+--------+
         Total |  12297 |  11691 |    606 |   1377 |   6851 |  18 |  683.2 |
       Dungeon |  11496 |  10890 |    606 |   1268 |   6454 |  14 |  821.1 |
        Temple |     39 |     39 |      0 |      0 |     24 |   1 |   39.0 |
          Lair |    120 |    120 |      0 |      0 |     81 |   1 |  120.0 |
        Bazaar |     73 |     73 |      0 |      0 |     13 |   1 |   73.0 |
        Bailey |    568 |    568 |      0 |    109 |    278 |   1 |  568.0 |
               +--------+--------+--------+--------+--------+-----+--------+

Top non-repeatable levels by time:
     D:9: 1029 daAuts
     D:2: 962 daAuts
     D:1: 961 daAuts
    D:12: 934 daAuts
     D:5: 902 daAuts
    D:11: 899 daAuts
     D:7: 874 daAuts
     D:8: 872 daAuts
     D:4: 856 daAuts
     D:3: 807 daAuts
    D:10: 736 daAuts
     D:6: 721 daAuts
    D:13: 682 daAuts
  Bailey: 568 daAuts
    D:14: 256 daAuts

Table legend:
 A = Non-vault XP
 B = Vault XP
 C = Vault XP percentage of total XP
 D = Non-vault monster count
 E = Vault monster count
 F = Vault count percentage of total count
                 A         B        C        D         E       F
            +---------+---------+-------+---------+---------+-------
      Total |   25542 |   14322 |  35.9 |     259 |     116 |  30.9
            +---------+---------+-------+---------+---------+-------
        D:1 |      31 |       0 |   0.0 |      18 |       0 |   0.0
        D:2 |      13 |     253 |  95.1 |       7 |      14 |  66.7
        D:3 |     126 |     109 |  46.4 |      27 |       3 |  10.0
        D:4 |     670 |     105 |  13.5 |      30 |       1 |   3.2
        D:5 |     614 |    1052 |  63.1 |      12 |       6 |  33.3
        D:6 |    1048 |     666 |  38.9 |      21 |       8 |  27.6
        D:7 |     866 |       8 |   0.9 |      25 |       5 |  16.7
        D:8 |     626 |       0 |   0.0 |      21 |       0 |   0.0
        D:9 |    1359 |    5682 |  80.7 |      18 |       7 |  28.0
       D:10 |    1912 |     765 |  28.6 |      17 |       1 |   5.6
       D:11 |    5000 |     296 |   5.6 |      24 |      17 |  41.5
       D:12 |    3792 |    2065 |  35.3 |      13 |      15 |  53.6
       D:13 |    6222 |      63 |   1.0 |      14 |       1 |   6.7
       D:14 |    2988 |    2542 |  46.0 |      10 |      10 |  50.0
     Lair:1 |     275 |       0 |   0.0 |       2 |       0 |   0.0
     Bailey |       0 |     716 | 100.0 |       0 |      28 | 100.0
            +---------+---------+-------+---------+---------+-------
